 Dungeon Crawl Stone Soup version 0.31-a0-185-g9dded2c639 (webtiles) character file.

Game seed: 522260543964364815

72 qw the Shooter (level 4, 0/25 HPs)
             Began as a Deep Elf Hunter on June 22, 2023.
             Slain by an iguana (6 damage)
             ... on level 4 of the Dungeon.
             The game lasted 00:00:32 (1479 turns).

qw the Shooter (Deep Elf Hunter)                    Turns: 1479, Time: 00:00:32

Health: 0/25       AC:  8    Str: 10    XL:     4   Next: 6%
Magic:  6/6        EV: 11    Int: 14    God:
Gold:   89         SH:  0    Dex: 18    Spells: 3/3 levels left

rFire   . . .        Y - +0 shortbow
rCold   . . .        (shield currently unavailable)
rNeg    . . .        h - +0 ring mail
rPois   .            b - +2 helmet
rElec   .            (no cloak)
rCorr   .            (no gloves)
SInv    .            (no boots)
Will    .....        (no amulet)
Stlth   +            (no ring)
HPRegen 0.24/turn    (no ring)
MPRegen 0.10/turn

%: no passive effects
@: about to teleport
A: no striking features
a: no special abilities


You were on level 4 of the Dungeon.
You visited 1 branch of the dungeon, and saw 3 of its levels.

You collected 89 gold pieces.


   Skills:
 - Level 1.5 Fighting
 + Level 7.5 Ranged Weapons
 - Level 2.4 Dodging
 - Level 1.2 Stealth


You had 3 spell levels left.
You didn't know any spells.
Your spell library was empty.

Inventory:

Hand Weapons
 Y - a +0 shortbow (weapon)
Armour
 b - a +2 helmet (worn)
 h - a +0 ring mail (worn)
Scrolls
 a - a scroll of teleportation
Potions
 d - a potion of degeneration {unknown}
 e - a potion of brilliance {unknown}
 f - a potion of resistance {unknown}
 g - 3 potions of curing
 j - a potion of enlightenment

Dungeon Overview and Level Annotations

Branches:
Dungeon (4/15)
 Temple: D:4-7

Altars:


Message History

You kill the orc!
The orc hits you with a +0 falchion of holy wrath.
You have reached level 4!
You feel clever.
You shoot an arrow. The arrow closely misses the orc.
The orc hits you but does no damage. The orc closely misses you.
You shoot an arrow. The arrow hits the orc.
The orc is lightly wounded.
The orc misses you. The orc hits you but does no damage.
You shoot an arrow. The arrow barely misses the orc.
The orc closely misses you. x2; The orc hits you but does no damage.
The orc hits you with a +0 falchion of holy wrath.
You shoot an arrow. The arrow hits the orc.
The orc is severely wounded.
The orc hits you with a +0 short sword. The orc barely misses you.
You shoot an arrow. The arrow hits the orc.
You kill the orc!
The orc hits you but does no damage.
You shoot an arrow. The arrow closely misses the orc.
The orc hits you with a +0 short sword.
You shoot an arrow. The arrow barely misses the orc.
The orc hits you but does no damage.
You shoot an arrow. The arrow hits the orc.
The orc is heavily wounded.
The orc hits you with a +0 short sword. The orc hits you but does no damage.
1476 ||| READING 3 scrolls of teleportation.
As you read the scroll of teleportation, it crumbles to dust.
You feel strangely unstable. The orc hits you but does no damage.
You shoot an arrow. The arrow hits the orc.
You kill the orc!
You start resting.
Your surroundings suddenly seem different.
An iguana comes into view.
Enter note:
1479 ||| READING 2 scrolls of teleportation.
As you read the scroll of teleportation, it crumbles to dust.
You feel strangely unstable.
The iguana hisses angrily.
The iguana bites you.
You die...

#...........#
#...........#
+...........#
#...........#
#...........#
####+###....#
##.....#######
#...l.......
#...@.......
##.....##...
#.....#
#.....#
......+
##.....#
#.....#
#.....#


You could see an iguana.

Vanquished Creatures
  3 adders (D:2)
  2 dart slugs
  5 orcs (D:4)
  2 endoplasms
  3 giant cockroaches
  6 hobgoblins
  4 quokkas
  4 ball pythons
  A bat (D:1)
  A goblin (D:2)
  A kobold (D:2)
  2 rats
34 creatures vanquished.

Notes
Turn   | Place    | Note
-------+----------+-------------------------------------------
     0 | D:1      | qw the Deep Elf Hunter began the quest for the Orb.
     0 | D:1      | Reached XP level 1. HP: 12/12 MP: 3/3
     0 | D:1      | 0 ||| qw: Version: 0.3-a-9-g12657ce
     0 | D:1      | 0 ||| qw: Game counter: 1675
     0 | D:1      | 0 ||| qw: Always use a shield: true
     0 | D:1      | 0 ||| qw: God list: Okawaru
     0 | D:1      | 0 ||| qw: Allow faded altars: false
     0 | D:1      | 0 ||| qw: Do Orc after D:15 true
     0 | D:1      | 0 ||| qw: Do second Lair branch before Depths: true
     0 | D:1      | 0 ||| qw: Lair rune preference: random
     0 | D:1      | 0 ||| qw: Plans: Normal
     0 | D:1      | 0 ||| PLANNING D:1-11
   229 | D:1      | Reached XP level 2. HP: 16/16 MP: 4/4
   328 | D:1      | Reached skill level 6 in Ranged Weapons
   773 | D:1      | 773 ||| UPGRADING to +0 ring mail.
   783 | D:1      | 783 ||| DROPPING +0 leather armour.
   784 | D:1      | 784 ||| READING scroll labelled ETA IRPHUZXYGGEQE.
   788 | D:1      | 788 ||| READING 2 scrolls labelled MUIMOI QOTI KUW.
   789 | D:1      | 789 ||| READING scroll labelled DAJECY GOTOUGH.
   790 | D:1      | 790 ||| READING scroll labelled XEEHIQU JIXT.
   791 | D:1      | 791 ||| DRINKING 3 yellow potions.
   792 | D:1      | 792 ||| DROPPING scroll of butterflies.
   793 | D:1      | 793 ||| DROPPING scroll of vulnerability.
   932 | D:2      | Reached XP level 3. HP: 15/20 MP: 5/5
  1046 | D:2      | Reached skill level 7 in Ranged Weapons
  1315 | D:2      | You fall into a shaft and drop 2 floors!
  1384 | D:4      | 1384 ||| UPGRADING to +2 helmet.
  1389 | D:4      | 1389 ||| DROPPING ring of flight.
  1390 | D:4      | 1390 ||| READING scroll labelled JUHYW IPTUSUAT.
  1391 | D:4      | 1391 ||| READING scroll labelled FOOBAI SEOCU.
  1392 | D:4      | 1392 ||| DRINKING 2 clear potions.
  1394 | D:4      | 1394 ||| Stepping ~*~*~tactically~*~*~ (cloud).
  1468 | D:4      | Reached XP level 4. HP: 20/25 MP: 6/6
  1475 | D:4      | HP: 5/25 [orc/+0 short sword (5)]
  1476 | D:4      | 1476 ||| READING 3 scrolls of teleportation.
  1479 | D:4      | 1479 ||| READING 2 scrolls of teleportation.
  1479 | D:4      | Slain by an iguana

Levels and vault maps discovered:
D:1:      onia_arrival_pentagram, layout_basic
D:2:      layout_basic, uniq_natasha
D:4:      layout_gridville, mainiacjoe_overflow_chevrons, serial_shops, shop,
          chequers_avenue, nicolae_shop_gadgets, uniq_robin

Skill      XL: |  1  2  3 |
---------------+----------+-----
Ranged Weapons | 6 7 |  7.5
Fighting       | |  1.5
Dodging        | |  2.4
Stealth        | |  1.2

Action                     |  1- 3 |  4- 6 || total
---------------------------+-------+-------++-------
   Fire: Shortbow          |   106 |     9 ||   115
    Use: Scroll            |     6 |     2 ||     8
         Potion            |     2 |       ||     2
 Armour: Leather armour    |     4 |       ||     4
         Ring mail         |    19 |     7 ||    26
  Dodge: Dodged            |    20 |     5 ||    25

Table legend:
 A = Non-vault XP
 B = Vault XP
 C = Vault XP percentage of total XP
 D = Non-vault monster count
 E = Vault monster count
 F = Vault count percentage of total count
                 A         B        C        D         E       F
            +---------+---------+-------+---------+---------+-------
      Total |     103 |       0 |   0.0 |      34 |       0 |   0.0
            +---------+---------+-------+---------+---------+-------
        D:1 |      22 |       0 |   0.0 |      12 |       0 |   0.0
        D:2 |      64 |       0 |   0.0 |      16 |       0 |   0.0
        D:4 |      17 |       0 |   0.0 |       6 |       0 |   0.0
            +---------+---------+-------+---------+---------+-------
